 Dungeon Crawl Stone Soup version 0.17-a0-1-g1f4be75 (webtiles) character file.

949 McCoppin the Sneak (level 8, -1/44 HPs)
             Began as a Vine Stalker Assassin on Mar 7, 2015.
             Slain by an orc wizard
             ... wielding a +0 dagger
              (2 damage)
             ... on level 5 of the Dungeon.
             The game lasted 00:16:21 (4198 turns).

McCoppin the Sneak (Vine Stalker Assassin)          Turns: 4198, Time: 00:16:21

Health: -1/44      AC: 10    Str: 14    XL:     8   Next: 13%
Magic:  0/11       EV:  6    Int: 11    God:
Gold:   201        SH:  0    Dex: 18    Spells: 0 memorised, 7 levels left

rFire  . . .     SeeInvis +     a - +2 dagger
rCold  . . .     Clarity  .     r - +0 chain mail
rNeg   . . .     SustAb   .     (no shield)
rPois  .         Gourm    .     w - +0 helmet
rElec  .         Spirit   +     d - +0 cloak
rCorr  .         Warding  .     (no gloves)
rMut   .         Stasis   .     (no boots)
MR     +....                    (no amulet)
Stlth  +.........               F - ring of see invisible
                                H - ring of flight

@: somewhat resistant to hostile enchantments, very unstealthy
A: fangs 3, regeneration 2, magic shield, antimagic bite, no device heal 3, rot
immunity
a: Evoke Flight


You were on level 5 of the Dungeon.
You were hungry.

You visited 1 branch of the dungeon, and saw 5 of its levels.

You collected 201 gold pieces.

Inventory:

Hand weapons
 a - a +2 dagger (weapon)
 b - a +0 blowgun
 n - a +0 short sword
 p - a +0 falchion
Missiles
 e - 32 poisoned needles
 f - 2 curare-tipped needles
 o - 172 stones (quivered)
 s - a throwing net
 x - 5 javelins
Armour
 c - a +0 robe
 d - a +0 cloak (worn)
 i - a +0 ring mail
 r - a +0 chain mail (worn)
 w - a +0 helmet (worn)
Jewellery
 z - an uncursed ring of fire
 B - an uncursed amulet of resist mutation
 D - an uncursed ring of fire
 F - a ring of see invisible (right hand)
 H - a ring of flight (left hand)
Scrolls
 q - 4 scrolls of amnesia
 t - 3 scrolls of identify
 u - 2 scrolls of blinking {unknown}
 y - 2 scrolls of remove curse
 A - a scroll of enchant weapon {unknown}
 E - 2 scrolls of noise {unknown}
 G - a scroll of immolation {unknown}
Potions
 h - 3 potions of curing
 k - a potion of brilliance {unknown}
 l - a potion of restore abilities
Books
 v - a book of Spatial Translocations

   Spells                             Type                      Level
   a - Apportation                    Translocation                1
   b - Blink                          Translocation                2
   c - Shroud of Golubria             Charms/Translocation         2
   d - Portal Projectile              Translocation                3
   e - Teleport Other                 Translocation                3
   f - Passage of Golubria            Translocation                4
Comestibles
 g - 5 bread rations
 j - 3 fruits
 m - a meat ration
 C - 3 beef jerkies


   Skills:
 + Level 5.6 Fighting
 - Level 1.7(3.6) Short Blades
 * Level 4.9(5.1) Long Blades
 - Level 1.7 Throwing
 - Level 0.7 Dodging
 - Level 7.1 Stealth


You had 7 spell levels left.
You didn't know any spells.

Dungeon Overview and Level Annotations

Branches:
Dungeon (5/15)
 Temple: D:4-7

Altars:
Cheibriados
Elyvilon
Fedhas
Nemelex Xobeh
Okawaru
Trog
Vehumet
Xom
Zin
The Shining One


Innate Abilities, Weirdness & Mutations

You have razor-sharp teeth.
You heal very quickly.
When hurt, damage is shared between your health and your magic reserves.
Your bite disrupts and absorbs the magic of your enemies.
Potions and wands cannot restore your health.
You are immune to rotting.


Message History

Drink which item? (? for menu, Esc to quit)
Okay, then.
You miss the orc wizard. Your bite misses the orc wizard.
The orc wizard is moderately wounded.
The orc wizard falters for a moment.
The orc wizard hits you but does no damage.
Your chain mail prevents you from hitting the orc wizard.
You bite the orc wizard, but do no damage.
The orc wizard is moderately wounded.
The orc wizard hits you but does no damage. x2
The orc hits you but does no damage.
You hit the orc wizard but do no damage.
The orc wizard is moderately wounded.
The orc wizard hits you but does no damage. x2
The orc barely misses you.
The orc wizard gestures at you while chanting.
The puff of flame hits you!
* * * LOW HITPOINT WARNING * * *
The orc wizard hits you with a dagger.
You die...

^.≈≈≈_#♣.♣.......####+##..##..###
#≈..§..≈.≈#...........##..##...#.
##≈....≈.####.(..##...###+##...'.
###≈.#.≈#####....##....+<......#.
'.###.###........##...##..##..##+
#...#............####'##..##+###.
###.#...####.##..##...##>.##.....
###.##..####.###o##....'...'.....
.............'.o@##...##..##...##
.............#.o.###'###..##...##
.............#...................
.............#...................
#####+####...###.###..##.......##
#####...###'####'#############'##
...#...........'...# #.....
...#...........#...# #.....
...+...........#...# #.....


You could see 2 orc wizards and an orc.

Vanquished Creatures
  A phantom (D:4)
  An ogre (D:5)
  Blork the orc (D:4)
  A crimson imp (D:5)
  2 orc priests (D:4)
  2 hounds
  9 orc wizards
  A giant frog skeleton (D:5)
  An iguana (D:4)
  2 worker ants (D:4)
  Ijyb (D:2)
  Terence (D:2)
  Robin (D:2)
  3 adders
  2 worms (D:2)
  An adder zombie (D:2)
  2 adder skeletons
  6 giant geckos
  An ooze (D:3)
  11 orcs
  4 ball pythons
  13 hobgoblins
  6 jackals
  2 quokkas
  8 bats
  4 giant cockroaches
  3 giant gecko skeletons
  2 giant gecko zombies (D:2)
  4 giant newts
  13 goblins
  A jackal zombie (D:5)
  9 kobolds
  A quokka zombie (D:5)
  5 rats
125 creatures vanquished.

Notes
Turn   | Place    | Note
--------------------------------------------------------------
     0 | D:1      | McCoppin, the Vine Stalker Assassin, began the quest for the Orb.
     0 | D:1      | Reached XP level 1. HP: 11/11 MP: 1/1
   134 | D:1      | Reached skill level 5 in Stealth
   506 | D:1      | Reached XP level 2. HP: 13/15 MP: 3/3
   918 | D:2      | Reached XP level 3. HP: 19/19 MP: 4/4
   952 | D:2      | Noticed Terence
  1006 | D:2      | Killed Terence
  1079 | D:2      | Noticed Ijyb
  1098 | D:2      | Killed Ijyb
  1098 | D:2      | Reached XP level 4. HP: 22/24 MP: 5/5
  1240 | D:2      | Noticed Robin
  1257 | D:2      | Killed Robin
  1257 | D:2      | Reached skill level 6 in Stealth
  1566 | D:2      | Found a bloodstained altar of Trog.
  1569 | D:2      | Found a white marble altar of Elyvilon.
  1569 | D:2      | Found a snail-covered altar of Cheibriados.
  1571 | D:2      | Found an iron altar of Okawaru.
  1572 | D:2      | Found a glowing silver altar of Zin.
  1585 | D:2      | Reached XP level 5. HP: 19/28 MP: 7/7
  1824 | D:3      | Found a sparkling altar of Nemelex Xobeh.
  1824 | D:3      | Found a glowing golden altar of the Shining One.
  1824 | D:3      | Found a radiant altar of Vehumet.
  2508 | D:4      | Noticed Blork the orc
  2525 | D:4      | Killed Blork the orc
  2525 | D:4      | Reached skill level 7 in Stealth
  2525 | D:4      | Gained mutation: You heal very quickly. [vine stalker growth]
  2525 | D:4      | Reached XP level 6. HP: 27/34 MP: 8/8
  2628 | D:4      | Reached skill level 1 in Long Blades
  2686 | D:4      | Noticed a phantom
  2716 | D:4      | Killed a phantom
  2716 | D:4      | Reached XP level 7. HP: 27/38 MP: 5/9
  2904 | D:4      | Found a blossoming altar of Fedhas.
  3061 | D:4      | Reached skill level 5 in Fighting
  3536 | D:5      | Entered Level 5 of the Dungeon
  3791 | D:5      | Found a shimmering altar of Xom.
  3814 | D:5      | Found a shimmering altar of Xom.
  3815 | D:5      | Found a shimmering altar of Xom.
  3882 | D:5      | Gained mutation: You have razor-sharp teeth. [vine stalker growth]
  3882 | D:5      | Reached XP level 8. HP: 16/44 MP: 6/11
  4198 | D:5      | HP: 1/44 [orc wizard/puff of flame (5)]
  4198 | D:5      | Slain by an orc wizard

Action                   |  1- 3 |  4- 6 |  7- 9 || total
-------------------------+-------+-------+-------++-------
Melee: Dagger            |   125 |   288 |   322 ||   735
 Fire: Blowgun           |       |       |     8 ||     8
  Use: Scroll            |     3 |     1 |       ||     4
       Potion            |       |     5 |       ||     5
 Stab: Sleeping          |     2 |       |       ||     2
       Distracted        |     1 |       |       ||     1
  Eat: Chunk             |       |     2 |     4 ||     6
       Meat ration       |       |     1 |       ||     1
